 Dungeon Crawl Stone Soup version 0.25.1-2-g60ff931df9 (webtiles) character file.

Game seed: 16244686395056526812

1115 Curus the Cleaver (level 8, -1/62 HPs)
             Began as a Minotaur Gladiator on Sept 20, 2020.
             Slain by a bullfrog (4 damage)
             ... on level 4 of the Dungeon.
             The game lasted 00:17:54 (3149 turns).

Curus the Cleaver (Minotaur Gladiator)              Turns: 3149, Time: 00:17:54

Health: -1/62      AC: 10    Str: 18 (19) XL:     8   Next: 12%
Magic:  7/7        EV:  6    Int:  6 (7)  God:
Gold:   172        SH:  0    Dex: 11 (12) Spells: 7/7 levels left

rFire    . . .     SeeInvis .   a - +0 war axe
rCold    . . .     Gourm    .   (no shield)
rNeg     . . .     Faith    .   k - +0 plate armour
rPois    .         Spirit   .   c - +0 hat
rElec    .         Reflect  .   (no cloak)
rCorr    +         Harm     .   (no gloves)
MR       +....                  (no boots)
Stlth    ..........             (no amulet)
HPRegen  0.20/turn              n - ring of resist corrosion (curse)
MPRegen  0.10/turn              m - ring of protection from magic

@: no status effects
A: retaliatory headbutt, horns 2
a: no special abilities


You were on level 4 of the Dungeon.
You were not hungry.

You visited 1 branch of the dungeon, and saw 4 of its levels.

You collected 172 gold pieces.

Inventory:

Hand Weapons
 a - a +0 war axe (weapon)
Missiles
 d - a throwing net (quivered)
Armour
 b - a +0 leather armour
 c - a +0 hat (worn)
 k - a +0 plate armour (worn)
Jewellery
 h - an uncursed ring of fire
 m - a ring of protection from magic (right hand)
 n - a cursed ring of resist corrosion (left hand)
Scrolls
 g - 3 scrolls of teleportation
 i - 2 scrolls of identify
 j - 5 scrolls of remove curse
 l - a scroll of amnesia
Potions
 e - a potion of curing
 o - a potion of heal wounds
 p - a potion of haste
Comestibles
 f - 12 rations
 q - 3 chunks of flesh


   Skills:
 - Level 2.4 Fighting
 + Level 11.7 Axes
 - Level 2.0 Throwing
 - Level 3.2 Dodging


You had 7 spell levels left.
You didn't know any spells.
Your spell library was empty.

Dungeon Overview and Level Annotations

Branches:
Dungeon (4/15)
 Temple: D:4-7

Altars:


Innate Abilities, Weirdness & Mutations

You reflexively headbutt those who attack you in melee.
You have a pair of horns on your head.


Message History

You hit the two-headed ogre but do no damage.
The two-headed ogre is severely wounded.
The two-headed ogre struggles against the net.
You hit the two-headed ogre but do no damage.
You headbutt the two-headed ogre.
The two-headed ogre is severely wounded.
The two-headed ogre struggles against the net.
You slash the two-headed ogre! You headbutt the two-headed ogre.
You kill the two-headed ogre!
You feel your strength returning.
You feel your intelligence returning.
You feel your dexterity returning.
Your Axes skill gained 2 levels and is now at level 11!
You have reached level 7!
You have reached level 8!
You feel agile.
The bullfrog hits you but does no damage.
You closely miss the bullfrog. Your headbutt misses the bullfrog.
The bullfrog is lightly wounded.
The bullfrog hits you.
You die...

.........##'# #'##.............
.......###..#...#..###...........
......##.#.)#...#..#.##..........
......'.(#..#.O.#..#(.'..........
......##.#..#..F#..#.##....######
.......###..#.a.#..###.)...#
#####....####...####.......#
#####.......##'##..........#
..............aF@..........#
...............#†.......####
...............#.............
...............#.............
...............#..............
......##########........######
......# #........# #######
#........# ##########


You could see a bullfrog and a worker ant.

Vanquished Creatures
  A two-headed ogre (D:4)
  An ogre (D:4)
  A scorpion (D:4)
  An orc priest (D:4)
  A jelly (D:4)
  An orc wizard (D:4)
  2 worker ants (D:4)
  3 gnolls (D:3)
  8 adders
  2 oozes
  An adder skeleton (D:4)
  2 worms
  6 dart slugs
  5 leopard geckos
  6 orcs
  11 bats
  3 giant cockroaches
  9 goblins
  6 hobgoblins
  6 jackals
  6 kobolds
  A quokka (D:4)
  A ball python (D:3)
  4 frilled lizards
  A leopard gecko skeleton (D:4)
  8 rats
97 creatures vanquished.

Notes
Turn   | Place    | Note
-------+----------+-------------------------------------------
     0 | D:1      | Curus the Minotaur Gladiator began the quest for the Orb.
     0 | D:1      | Reached XP level 1. HP: 18/18 MP: 0/0
    52 | D:1      | Reached skill level 4 in Axes
   117 | D:1      | Reached XP level 2. HP: 23/25 MP: 1/1
   303 | D:1      | Reached skill level 5 in Axes
   346 | D:1      | Reached XP level 3. HP: 28/30 MP: 2/2
   828 | D:2      | Reached XP level 4. HP: 36/37 MP: 3/3
   842 | D:2      | Reached skill level 6 in Axes
  1750 | D:3      | Reached XP level 5. HP: 42/42 MP: 4/4
  1834 | D:3      | Reached skill level 7 in Axes
  2041 | D:3      | Found a faded altar of an unknown god.
  2222 | D:4      | Reached skill level 8 in Axes
  2222 | D:4      | Reached XP level 6. HP: 31/50 MP: 5/5
  2717 | D:4      | Reached skill level 9 in Axes
  3126 | D:4      | Noticed a two-headed ogre
  3144 | D:4      | HP: 2/50 [two-headed ogre/+0 dire flail (20)]
  3148 | D:4      | Killed a two-headed ogre
  3148 | D:4      | Reached skill level 11 in Axes
  3148 | D:4      | Reached XP level 7. HP: 2/56 MP: 6/6
  3148 | D:4      | Reached XP level 8. HP: 3/62 MP: 7/7
  3149 | D:4      | Slain by a bullfrog

Illustrated notes

Levels and vault maps discovered:
D:1:      saegor_arrival_under_anarchy, layout_rooms
D:2:      minmay_spotlight, layout_loops_cross, first_ration
D:3:      layout_basic, chequers_ecumenical_altar_simple_redux
D:4:      layout_basic, minmay_divided_ellipse, uniq_pikel

Skill      XL: |  1  2  3  4  5  6 |
---------------+-------------------+-----
Axes           | 4 5 6 8 11 | 11.7
Fighting       | |  2.4
Throwing       | |  2.0
Dodging        | |  3.2

Action                   |  1- 3 |  4- 6 |  7- 9 || total
-------------------------+-------+-------+-------++-------
Melee: War axe           |    80 |   166 |     1 ||   247
       Headbutt          |    14 |    24 |       ||    38
Throw: Throwing net      |       |     3 |       ||     3
  Use: Scroll            |     3 |     5 |       ||     8
       Potion            |     2 |     4 |       ||     6
 Stab: Held in net/web   |       |     1 |       ||     1
  Eat: Chunk             |       |     7 |       ||     7
Armor: Leather armour    |     7 |       |       ||     7
       Plate armour      |    32 |   105 |     1 ||   138
Dodge: Dodged            |    42 |    54 |       ||    96
